 Seeded DCSS version 0.28-a0-1567-g1695149f81 (webtiles) character file.

Game seed: 639 (custom seed)

28 knot the Skirmisher (level 3, 24/29 HPs)
             Began as a Demonspawn Berserker on Jan 20, 2022.
             Was a Follower of Trog.
             Quit the game on level 1 of the Dungeon.
             The game lasted 00:01:29 (1136 turns).

knot the Skirmisher (Demonspawn Berserker)          Turns: 1136, Time: 00:01:30

Health: 24/29      AC:  4    Str: 17    XL:     3   Next: 0%
Magic:  3/3        EV: 12    Int: 10    God:    Trog [*.....]
Gold:   3          SH:  0    Dex: 12    Spells: 2/2 levels left

rFire   . . .      SeeInvis .   a - +0 hand axe
rCold   . . .      Faith    .   (no shield)
rNeg    . . .      Spirit   .   b - +0 animal skin
rPois   .          Reflect  .   (no helmet)
rElec   .          Harm     .   (no cloak)
rCorr   .          Rampage  .   (no gloves)
Will    .....                   (no boots)
Stlth   +.........              (no amulet)
HPRegen 0.09/turn               (no ring)
MPRegen 0.08/turn               (no ring)

@: no status effects
A: icy blue scales 1, weakness stinger 1
a: Renounce Religion, Berserk


You were on level 1 of the Dungeon.
You worshipped Trog.
Trog was aware of your devotion.
You visited 1 branch of the dungeon, and saw 1 of its levels.

You collected 3 gold pieces.

Inventory:

Hand Weapons
 a - a +0 hand axe (weapon)
Missiles
 d - 21 sling bullets
 e - 21 stones (quivered)
Armour
 b - a +0 animal skin (worn)
Scrolls
 f - a scroll of identify {unknown}
 g - 3 scrolls of blinking {unknown}
Potions
 c - 3 potions of degeneration {unknown}
 h - a potion of curing {unknown}


   Skills:
 + Level 3.3 Fighting
 + Level 3.0 Axes
 + Level 2.1 Armour
 + Level 2.1 Dodging


You had 2 spell levels left.
You didn't know any spells.
Your spell library was empty.

Dungeon Overview and Level Annotations

Branches:
Dungeon (1/15)

Altars:


Innate Abilities, Weirdness & Mutations

You are partially covered in icy blue scales. (AC +2)
You have a small tail.


Message History

Found a short sword.
No target in view!
No target in view!
c - 3 lumpy inky potions (gained 2)
A ball python comes into view.
The ball python hisses angrily.
A ball python is nearby!
A ball python is nearby!
The ball python barely misses you. The ball python closely misses you.
You slash the ball python!
You kill the ball python!
Trog accepts your kill.
No target in view!
No target in view!
No target in view!
You see here a ball python corpse.
h - a metallic ruby potion No target in view!
An endoplasm comes into view.
An endoplasm is nearby!
The endoplasm quivers.
Found a puce potion.
A rat comes into view.
You hit the endoplasm.
The endoplasm is heavily wounded.
The endoplasm closely misses you. The endoplasm freezes you.
You are frozen.
You hit the endoplasm. You tail-slap the endoplasm.
You kill the endoplasm!
Trog accepts your kill.
You barely miss the rat. You tail-slap the rat.
You kill the rat!
Trog accepts your kill.
You have reached level 3!
Your experience leads to an increase in your attributes!
Increase (S)trength, (I)ntelligence, or (D)exterity?
You feel clever. x2; Your demonic ancestry asserts itself...
Icy blue scales grow over part of your body.
Are you sure you want to abandon this character and quit the game? (Confirm with "yes".)

#..## # ...........#...
...
##.#.#.#.#.###.#.#.#.##
.... ........!.#
#.#.#...# ####
#.#.#.#.#.# #.#.##.##
#.........###.#.##.#
#.#.#.#.#..##.#.##.#
#.............#.##.#
#.#.#.#.#.# #......#
#....@....# #.####
###.####..# #.#.
###.....### # #... ###
+.........# ...#..
###.....#.# #.#.#
#.#...# #.# #.#.#
#.##..# .# #.#.#
#.##..# #.# #.#†# ####+
#.....#.# #.#.#


There were no monsters in sight!

Vanquished Creatures
  A dart slug (D:1)
  4 endoplasms (D:1)
  A giant cockroach (D:1)
  A goblin (D:1)
  6 hobgoblins (D:1)
  2 quokkas (D:1)
  2 ball pythons (D:1)
  3 bats (D:1)
  A frilled lizard (D:1)
  3 rats (D:1)
24 creatures vanquished.

Notes
Turn   | Place    | Note
-------+----------+-------------------------------------------
     0 | D:1      | knot the Demonspawn Berserker began the quest for the Orb.
     0 | D:1      | Reached XP level 1. HP: 18/18 MP: 1/1
   341 | D:1      | Gained mutation: You have a small tail. [demonic ancestry]
   341 | D:1      | Reached XP level 2. HP: 24/24 MP: 2/2
  1136 | D:1      | Gained mutation: You are partially covered in icy blue
                  | scales. (AC +2) [demonic ancestry]
  1136 | D:1      | Reached XP level 3. HP: 24/29 MP: 3/3
  1136 | D:1      | Quit the game

Illustrated notes

Levels and vault maps discovered:
D:1:      dpeg_arrival_boxes_within_box, layout_loops_corners,
          serial_co_window_serial, co_window_paths_a,
          co_window_of_opportunity_a, co_window_corner_a, co_window_paths_a,
          co_window_paths_a, co_window_paths_a, co_window_unsneaky_path_b,
          co_window_unsneaky_path_a, co_window_corner_b, co_window_4corner_b,
          glass_columns_a, glass_columns_c, glass_columns_b, glass_columns_b,
          glass_columns_c, minmay_octomino_j4

Skill      XL: |  1  2 |
---------------+-------+-----
Armour         | 2 |  2.1
Dodging        | 2 |  2.1
Axes           | 3 |  3.0
Fighting       | |  3.3

Action                   || total
-------------------------++-------
Melee: Hand axe          ||    52
       Tailslap          ||     5
Invok: Berserk           ||     1
 Stab: Sleeping          ||     1
Armor: Animal skin       ||    13
Dodge: Dodged            ||    34

Table legend: (Time is in decaauts)
 A = Elapsed time spent in this place.
 B = Non-inter-level travel time spent in this place.
 C = Inter-level travel time spent in this place.
 D = Time resting spent in this place.
 E = Time spent auto-exploring this place.
 F = Levels seen in this place.
 G = Mean time per level.
                   A        B        C        D        E       F      G
               +--------+--------+--------+--------+--------+-----+--------+
         Total |   1153 |   1153 |      0 |     17 |    996 |   1 | 1153.0 |
       Dungeon |   1153 |   1153 |      0 |     17 |    996 |   1 | 1153.0 |
               +--------+--------+--------+--------+--------+-----+--------+

Top non-repeatable levels by time:
     D:1: 1153 daAuts
